 Dungeon Crawl Stone Soup version 0.31-a0-182-gc5ef74bbde (webtiles) character file.

Game seed: 16421907360196939166

328 qw the Chopper (level 6, 0/38 HPs)
             Began as a Gargoyle Fighter on June 20, 2023.
             Slain by a wyvern (1 damage)
             ... on level 4 of the Dungeon.
             The game lasted 00:01:43 (3399 turns).

qw the Chopper (Gargoyle Fighter)                   Turns: 3399, Time: 00:01:44

Health: 0/38       AC: 17    Str: 21    XL:     6   Next: 50%
Magic:  6/6        EV:  5    Int:  9    God:
Gold:   170        SH:  4    Dex:  9    Spells: 5/5 levels left

rFire   . . .        Y - +0 war axe
rCold   . . .        c - +0 buckler
rNeg    + . .        l - +0 plate armour
rPois   inf          e - +0 helmet
rElec   +            (no cloak)
rCorr   .            (no gloves)
SInv    .            (no boots)
Will    .....        (no amulet) Stlth
                     (no ring)
HPRegen 0.26/turn    (no ring)
MPRegen 0.10/turn

%: no passive effects
@: no status effects
A: sickness immunity, AC +4, negative energy resistance 1, electricity
resistance, torment resistance 1, petrification resistance
a: no special abilities


You were on level 4 of the Dungeon.
You visited 1 branch of the dungeon, and saw 4 of its levels.

You collected 170 gold pieces.


Innate Abilities, Weirdness & Mutations

You are immune to sickness and miasma.
Your stone body is resilient. (AC +4)
You are immune to poison.
You resist negative energy. (rN+)
You are resistant to electric shocks. (rElec)
You are resistant to unholy torment.
You are immune to petrification.


   Skills:
 - Level 4.0 Fighting
 + Level 5.7 Axes
 - Level 3.2 Armour
 - Level 3.2 Shields


You had 5 spell levels left.
You didn't know any spells.
Your spell library was empty.

Inventory:

Hand Weapons
 m - a +0 flail
 Y - a +0 war axe (weapon)
Armour
 c - a +0 buckler (worn)
 e - a +0 helmet (worn)
 l - a +0 plate armour (worn)
Scrolls
 a - a scroll of teleportation {unknown}
 b - a scroll of noise {unknown}
 g - 2 scrolls of identify
Potions
 d - 2 potions of might
 h - a potion of magic

Dungeon Overview and Level Annotations

Branches:
Dungeon (4/15)
 Temple: D:4-7

Altars:
Makhleb
Ru


Message History

The wyvern bites you.
The wyvern bites you but does no damage.
You hit the wyvern but do no damage.
The wyvern is lightly wounded.
The wyvern bites you but does no damage.
The wyvern bites you.
You barely miss the wyvern.
The wyvern is lightly wounded.
You block the wyvern's attack. The wyvern barely misses you.
You hit the wyvern but do no damage.
The wyvern is lightly wounded.
The wyvern bites you but does no damage. x2
You barely miss the wyvern.
The wyvern is lightly wounded.
You block the wyvern's attack. The wyvern barely misses you.
You hit the wyvern.
The wyvern is moderately wounded.
The wyvern bites you.
You hit the wyvern but do no damage.
The wyvern is moderately wounded.
You block the wyvern's attack.
The wyvern bites you but does no damage.
You closely miss the wyvern.
The wyvern is moderately wounded.
The wyvern bites you. The wyvern barely misses you.
You slash the wyvern!
The wyvern is severely wounded.
The wyvern bites you. The wyvern completely misses you.
You barely miss the wyvern.
The wyvern is severely wounded.
The wyvern bites you.
The wyvern bites you but does no damage.
You hit the wyvern.
The wyvern is severely wounded.
The wyvern bites you!
The wyvern bites you but does no damage.
You closely miss the wyvern.
The wyvern is severely wounded.
The wyvern bites you.
You die...

##.# #.....>...# ##.#
#.#######.# .#.#
##...#####.# #..#
#........#.## ##.#
#######..#........#
#..######.....#..#####.#..#
.......... #....# #.#..#
##........ #..l.# #.#.[#
#########.###.##@# #.#..#
#.....##.# #.#..#
###.####.# #.#..# #.# #.#
#.#..###### ###########.#
#.# #.#.......#
............# #.#
#.##.####.# ###.#########
#.# #.##......## #.#
#.#####.#####....^ #.#
#...............#.


You could see a wyvern.

Vanquished Creatures
  2 scorpions
  2 sleepcaps
  2 orc wizards (D:3)
  3 adders
  A worm (D:2)
  3 dart slugs
  7 ball pythons
  2 endoplasms
  4 giant cockroaches
  10 goblins
  8 hobgoblins
  2 jackals (D:1)
  8 kobolds
  2 quokkas (D:1)
  5 bats
  5 frilled lizards
  8 rats
74 creatures vanquished.

Notes
Turn   | Place    | Note
-------+----------+-------------------------------------------
     0 | D:1      | qw the Gargoyle Fighter began the quest for the Orb.
     0 | D:1      | Reached XP level 1. HP: 14/14 MP: 1/1
     0 | D:1      | 0 ||| qw: Version: 0.3-a-9-g12657ce
     0 | D:1      | 0 ||| qw: Game counter: 1437
     0 | D:1      | 0 ||| qw: Always use a shield: true
     0 | D:1      | 0 ||| qw: God list: Okawaru
     0 | D:1      | 0 ||| qw: Allow faded altars: false
     0 | D:1      | 0 ||| qw: Do Orc after D:15 true
     0 | D:1      | 0 ||| qw: Do second Lair branch before Depths: true
     0 | D:1      | 0 ||| qw: Lair rune preference: random
     0 | D:1      | 0 ||| qw: Plans: Normal, Zot:1-4, Slime:5, God:TSO, Crypt,
                  | Tomb, Abyss, Pan, Hells, Win
     0 | D:1      | 0 ||| PLANNING D:1-11
    37 | D:1      | Reached skill level 2 in Axes
    95 | D:1      | Reached XP level 2. HP: 19/19 MP: 2/2
   137 | D:1      | 137 ||| FLEEEEING.
   141 | D:1      | Reached skill level 3 in Axes
   402 | D:1      | 402 ||| Stepping ~*~*~tactically~*~*~ (stealth).
   422 | D:1      | Reached XP level 3. HP: 23/23 MP: 3/3
   556 | D:1      | 556 ||| DROPPING +0 club.
   758 | D:1      | 758 ||| Stepping ~*~*~tactically~*~*~ (hiding).
   759 | D:1      | 759 ||| Stepping ~*~*~tactically~*~*~ (hiding).
   761 | D:1      | 761 ||| Stepping ~*~*~tactically~*~*~ (hiding).
   763 | D:1      | 763 ||| Stepping ~*~*~tactically~*~*~ (hiding).
   765 | D:1      | 765 ||| Stepping ~*~*~tactically~*~*~ (hiding).
  1053 | D:1      | 1053 ||| UPGRADING to +0 helmet.
  1058 | D:1      | 1058 ||| UPGRADING to +0 plate armour.
  1068 | D:1      | 1068 ||| DROPPING +0 scale mail.
  1069 | D:1      | 1069 ||| READING scroll labelled ECRUOCR TURHUF.
  1070 | D:1      | 1070 ||| READING 3 scrolls labelled GEUNIXKOUTU.
  1071 | D:1      | 1071 ||| READING scroll labelled GUSYMP WIHOCHU.
  1172 | D:1      | 1172 ||| READING 2 scrolls of identify.
  1172 | D:1      | 1172 ||| IDENTIFYING black potion
  1223 | D:2      | 1223 ||| Stepping ~*~*~tactically~*~*~ (stealth).
  1224 | D:2      | 1224 ||| Stepping ~*~*~tactically~*~*~ (stealth).
  1433 | D:2      | Reached XP level 4. HP: 28/28 MP: 4/4
  1610 | D:2      | Found a faded altar of an unknown god.
  1632 | D:2      | Reached skill level 4 in Axes
  1755 | D:2      | 1755 ||| READING 3 scrolls of identify.
  1755 | D:2      | 1755 ||| IDENTIFYING fuming coppery potion
  1756 | D:2      | 1756 ||| DROPPING potion of degeneration.
  1859 | D:3      | 1859 ||| Stepping ~*~*~tactically~*~*~ (hiding).
  1860 | D:3      | 1860 ||| Stepping ~*~*~tactically~*~*~ (hiding).
  1861 | D:3      | 1861 ||| Stepping ~*~*~tactically~*~*~ (hiding).
  1950 | D:3      | 1950 ||| Stepping ~*~*~tactically~*~*~ (hiding).
  1966 | D:3      | 1966 ||| Stepping ~*~*~tactically~*~*~ (stealth).
  2051 | D:3      | Noticed a scorpion
  2063 | D:3      | Killed a scorpion
  2064 | D:3      | Reached skill level 5 in Axes
  2064 | D:3      | Reached XP level 5. HP: 20/32 MP: 5/5
  2131 | D:3      | 2131 ||| Stepping ~*~*~tactically~*~*~ (stealth).
  2235 | D:3      | 2235 ||| Stepping ~*~*~tactically~*~*~ (stealth).
  2236 | D:3      | 2236 ||| Stepping ~*~*~tactically~*~*~ (stealth).
  2429 | D:3      | Found a faded altar of an unknown god.
  2433 | D:3      | Found a burning altar of Makhleb.
  2557 | D:3      | 2557 ||| READING scroll labelled WEAHATO HINTEX.
  2558 | D:3      | 2558 ||| READING scroll labelled BIXKET YXUI.
  2559 | D:3      | 2559 ||| READING 3 scrolls of identify.
  2559 | D:3      | 2559 ||| IDENTIFYING murky clear potion
  2560 | D:3      | 2560 ||| READING 2 scrolls of identify.
  2560 | D:3      | 2560 ||| IDENTIFYING metallic golden potion
  2561 | D:3      | 2561 ||| DROPPING potion of berserk rage.
  2605 | D:4      | Found a sacrificial altar of Ru.
  2664 | D:4      | 2664 ||| READING scroll labelled ERGHYO CEXKU.
  2670 | D:4      | 2670 ||| FLEEEEING.
  2671 | D:4      | 2671 ||| FLEEEEING.
  2672 | D:4      | 2672 ||| STAIRDANCE
  2674 | D:3      | 2674 ||| DRINKING potion of curing.
  2674 | D:3      | 2674 ||| (to cure confusion)
  2772 | D:4      | 2772 ||| STAIRDANCE
  2780 | D:3      | Reached XP level 6. HP: 35/38 MP: 6/6
  2792 | D:4      | 2792 ||| STAIRDANCE
  2796 | D:4      | 2796 ||| STAIRDANCE
  2800 | D:4      | 2800 ||| STAIRDANCE
  2804 | D:4      | 2804 ||| STAIRDANCE
  2808 | D:4      | 2808 ||| STAIRDANCE
  2812 | D:4      | 2812 ||| STAIRDANCE
  2816 | D:4      | 2816 ||| STAIRDANCE
  2820 | D:4      | 2820 ||| STAIRDANCE
  2824 | D:4      | 2824 ||| STAIRDANCE
  2828 | D:4      | 2828 ||| STAIRDANCE
  2832 | D:4      | 2832 ||| STAIRDANCE
  2836 | D:4      | 2836 ||| STAIRDANCE
  2840 | D:4      | 2840 ||| STAIRDANCE
  2844 | D:4      | 2844 ||| STAIRDANCE
  2848 | D:4      | 2848 ||| STAIRDANCE
  2852 | D:4      | 2852 ||| STAIRDANCE
  2856 | D:4      | 2856 ||| STAIRDANCE
  2860 | D:4      | 2860 ||| STAIRDANCE
  2875 | D:3      | 2875 ||| Stepping randomly (stuck).
  3385 | D:4      | Noticed a wyvern
  3398 | D:4      | HP: 1/38 [wyvern (14)]
  3399 | D:4      | Slain by a wyvern

Levels and vault maps discovered:
D:1:      psy_arrival_basics, layout_loops_ring, serial_rivers,
          chequers_serial_rivers_small_3, chequers_serial_rivers_micro_a,
          chequers_serial_rivers_micro_c, chequers_serial_rivers_large_b
D:2:      layout_basic, basic_ecumenical_altar, skrybe_limestone_x,
          mrwooster_statue_mirror
D:3:      layout_basic, nicolae_overflow_ecumenical_swirl
D:4:      layout_loops_ring, mainiacjoe_overflow_cross_hatched, grunt_tough_drop

Skill      XL: |  1  2  3  4  5 |
---------------+----------------+-----
Axes           | 2 3 5 |  5.7
Fighting       | 4 |  4.0
Armour         | |  3.2
Shields        | |  3.2

Action                     |  1- 3 |  4- 6 || total
---------------------------+-------+-------++-------
  Melee: War axe           |    81 |   154 ||   235
  Throw: Boomerang         |    51 |    16 ||    67
    Use: Scroll            |     4 |     6 ||    10
         Potion            |       |     1 ||     1
 Armour: Scale mail        |    28 |       ||    28
         Plate armour      |    27 |   107 ||   134
  Dodge: Dodged            |    38 |    35 ||    73
  Block: Buckler           |    13 |    29 ||    42

Table legend:
 A = Non-vault XP
 B = Vault XP
 C = Vault XP percentage of total XP
 D = Non-vault monster count
 E = Vault monster count
 F = Vault count percentage of total count
                 A         B        C        D         E       F
            +---------+---------+-------+---------+---------+-------
      Total |     384 |      85 |  18.1 |      72 |       2 |   2.7
            +---------+---------+-------+---------+---------+-------
        D:1 |      49 |       0 |   0.0 |      30 |       0 |   0.0
        D:2 |      54 |       0 |   0.0 |      17 |       0 |   0.0
        D:3 |     236 |       0 |   0.0 |      21 |       0 |   0.0
        D:4 |      45 |      85 |  65.4 |       4 |       2 |  33.3
            +---------+---------+-------+---------+---------+-------
